 Dungeon Crawl Stone Soup version 0.29-a0-322-g68df515428 (webtiles) character file.

Game seed: 2608581315249452003

879 gimp the Cleaver (level 8, -1/58 HPs)
             Began as a Formicid Wanderer on Apr 9, 2022.
             Was an Initiate of Makhleb.
             Killed by nerve-wracking pain
             ... invoked by a shadow imp
              (4 damage)
             ... on level 5 of the Dungeon.
             The game lasted 00:05:56 (4256 turns).

gimp the Cleaver (Formicid Wanderer)                Turns: 4256, Time: 00:05:56

Health: -1/58      AC: 11    Str: 22    XL:     8   Next: 25%
Magic:  18/19      EV:  8    Int:  9    God:    Makhleb [......]
Gold:   123        SH:  0    Dex: 10    Spells: 7/7 levels left

rFire   . . .      SeeInvis +   a - +2 hand axe (vorpal)
rCold   . . .      Faith    .   (no shield)
rNeg    . . .      Spirit   .   v - +0 chain mail
rPois   .          Reflect  .   (helmet unavailable)
rElec   .          Harm     .   c - +0 cloak
rCorr   .          Rampage  .   f - +0 pair of gloves
Will    .....                   (no boots)
Stlth   ..........              (no amulet)
HPRegen 0.19/turn               q - ring of magical power
MPRegen 0.16/turn               (no ring)

@: no status effects
A: permanent stasis, dig shafts and tunnels, antennae 3, four strong arms
a: Dig, Shaft Self, Renounce Religion


You were on level 5 of the Dungeon.
You worshipped Makhleb.
Makhleb was noncommittal.
You visited 1 branch of the dungeon, and saw 5 of its levels.

You collected 203 gold pieces.
You spent 80 gold pieces at shops.

Inventory:

Hand Weapons
 a - a +2 vorpal hand axe (weapon)
 t - a +0 hand axe
Missiles
 j - 10 poisoned darts
Armour
 c - a +0 cloak (worn)
 f - a +0 pair of gloves (worn)
 v - a +0 chain mail (worn)
Jewellery
 q - a ring of magical power (left hand)
 r - an amulet of faith
Wands
 b - a wand of mindburst (11) (quivered)
Scrolls
 d - 3 scrolls of vulnerability
 e - 2 scrolls of silence {unknown}
 h - a scroll of blinking {unknown}
 i - 4 scrolls of identify {unknown}
 l - 2 scrolls of teleportation {unknown}
 p - 3 scrolls of magic mapping {unknown}
 w - a scroll of amnesia {unknown}
 x - a scroll of immolation {unknown}
Potions
 g - 4 potions of might
 k - 2 potions of attraction {unknown}
 m - 3 potions of mutation {unknown}
 n - 2 potions of flight {unknown}
 o - 2 potions of heal wounds
 s - a potion of cancellation {unknown}
 u - a potion of degeneration {unknown}


   Skills:
 - Level 3.0 Fighting
 * Level 8.0 Axes
 + Level 2.4 Armour
 - Level 1.0 Dodging
 + Level 2.9 Invocations
 - Level 4.3 Evocations


You had 7 spell levels left.
You didn't know any spells.
Your spell library contained the following spells:

 Spells                   Type           Power      Damage    Failure   Level
 Apportation              Tloc           0%         N/A       98%         1
 Freeze                   Ice            0%         1d3       98%         1
 Static Discharge         Conj/Air       0%         N/A       99%         2
 Call Canine Familiar     Summ           0%         N/A       100%        3
 Frozen Ramparts          Ice            0%         1d2       100%        3
 Portal Projectile        Hex/Tloc       0%         N/A       100%        3
 Dispel Undead            Necr           0%         3d6       100%        4
 Hailstorm                Conj/Ice       0%         3d3       100%        4
 Leda's Liquefaction      Hex/Erth       0%         N/A       100%        4
 Sticky Flame             Conj/Fire      0%         2d3       100%        4
 Alistair's Intoxication  Tmut/Pois      0%         N/A       100%        5


Dungeon Overview and Level Annotations

Branches:
Dungeon (5/15)
 Temple: D:4-7

Altars:
Fedhas
Makhleb
Qazlal
Sif Muna

Shops:
D:1 !(

Annotations:
D:5 3 runed translucent doors, SirDiesAlot's ghost, amateur DEAM


Innate Abilities, Weirdness & Mutations

You cannot be hasted, slowed, berserked, paralysed or teleported.
You can dig through walls and to a lower floor.
You have a pair of large antennae on your head. (SInv)
Your four strong arms can wield two-handed weapons with a shield.


Message History

You hit the ogre but do no damage.
The ogre is severely wounded.
You feel sick.
You are no longer poisoned.
You take 1 damage, and have 28/58 hp.
You barely miss the ogre.
The ogre is severely wounded.
The ogre closely misses you.
You hit the ogre.
The ogre is almost dead.
You hit the ogre.
You kill the ogre!
Makhleb accepts your kill.
Your Axes skill increases to level 8!
You barely miss the shadow imp. The shadow imp barely misses you.
You slash the shadow imp!
The shadow imp is almost dead.
The shadow imp gestures at you. Pain shoots through your body!
* * * LOW HITPOINT WARNING * * *
You take 13 damage, and have 16/58 hp.
MASSIVE DAMAGE!!
You barely miss the shadow imp.
The shadow imp is almost dead.
You closely miss the shadow imp.
The shadow imp is almost dead.
The shadow imp gestures at you. Pain shoots through your body!
* * * LOW HITPOINT WARNING * * *
You take 1 damage, and have 15/58 hp.
You closely miss the shadow imp.
The shadow imp is almost dead.
The shadow imp gestures at you. Pain shoots through your body!
* * * LOW HITPOINT WARNING * * *
You take 12 damage, and have 3/58 hp.
MASSIVE DAMAGE!!
You closely miss the shadow imp.
The shadow imp is almost dead.
The shadow imp gestures at you. Pain shoots through your body!
You die...

#########.##########.
..................... .
...............###### 5.
..#######.######.#.#{ ..O
#.# #....{ .[.. ####'####
##..{. .!...
#.......###{(...
......####.........##${..
.....$'5@..........#.....
......####.........#.#.#.
..... #.........######
#### #.........#
#.........# #.......###
####.......# #..........#
#..........#


You could see a shadow imp.

Vanquished Creatures
  A centaur (D:5)
  2 ogres (D:5)
  2 phantoms
  4 scorpions
  A howler monkey (D:5)
  A hound (D:5)
  Jessica (D:2)
  3 iguanas
  2 adders
  2 ufetubi
  3 dart slugs
  2 orcs (D:3)
  4 ball pythons
  6 bats
  2 endoplasms (D:4)
  3 giant cockroaches
  3 goblins
  3 hobgoblins
  5 kobolds
  5 quokkas
  2 frilled lizards
  2 rats (D:3)
59 creatures vanquished.

Notes
Turn   | Place    | Note
-------+----------+-------------------------------------------
     0 | D:1      | gimp the Formicid Wanderer began the quest for the Orb.
     0 | D:1      | gimp set off with the following items: a +0 hand axe, a
                  | wand of mindburst (14), a +0 cloak, a scroll of
                  | vulnerability, a +0 leather armour
     0 | D:1      | Reached XP level 1. HP: 15/15 MP: 2/2
    14 | D:1      | Found Gamung's Antique Weapon Shoppe.
    16 | D:1      | Found Egatu's Distillery.
   168 | D:1      | Bought a potion of curing for 30 gold pieces
   261 | D:1      | Reached XP level 2. HP: 19/21 MP: 3/3
   520 | D:2      | Reached skill level 2 in Axes
   927 | D:1      | Bought a potion of heal wounds for 50 gold pieces
   973 | D:2      | Noticed Jessica
   983 | D:2      | Killed Jessica
   984 | D:2      | Reached XP level 3. HP: 19/27 MP: 4/4
  1239 | D:2      | Found a faded altar of an unknown god.
  1340 | D:2      | Reached skill level 3 in Axes
  1340 | D:2      | Reached XP level 4. HP: 24/34 MP: 5/5
  1572 | D:3      | Found a blossoming altar of Fedhas.
  1694 | D:3      | Noticed a phantom
  1717 | D:3      | Killed a phantom
  1718 | D:3      | Reached skill level 4 in Axes
  1718 | D:3      | Reached XP level 5. HP: 13/41 MP: 6/6
  2525 | D:4      | Found a stormy altar of Qazlal.
  2526 | D:4      | Noticed a fire elemental
  2526 | D:4      | Noticed a water elemental
  2526 | D:4      | Noticed an air elemental
  2579 | D:4      | Reached skill level 5 in Axes
  2579 | D:4      | Reached XP level 6. HP: 22/47 MP: 7/7
  3153 | D:4      | Found a shimmering blue altar of Sif Muna.
  3295 | D:5      | Entered Level 5 of the Dungeon
  3366 | D:5      | Reached skill level 6 in Axes
  3417 | D:5      | Reached XP level 7. HP: 48/52 MP: 8/8
  3534 | D:5      | Found a runed translucent gate.
  3534 | D:5      | Found a runed translucent gate.
  3534 | D:5      | Found a runed translucent gate.
  3553 | D:5      | Reached skill level 7 in Axes
  3791 | D:5      | Noticed SirDiesAlot's ghost (amateur DEAM)
  4091 | D:5      | Found a burning altar of Makhleb.
  4096 | D:5      | Became a worshipper of Makhleb the Destroyer
  4240 | D:5      | Reached XP level 8. HP: 48/58 MP: 9/9
  4251 | D:5      | Reached skill level 8 in Axes
  4256 | D:5      | Killed from afar by a shadow imp

Illustrated notes

Levels and vault maps discovered:
D:1:      ebering_trefoil_twist, layout_basic, serial_shops,
          nicolae_diamond_shop, nicolae_shop_competitors_out_of_business
D:2:      layout_basic, dreamdust_ecumenical_altar_statues, uniq_jessica
D:3:      layout_basic, mainiacjoe_overflow_concentric_impassable
D:4:      layout_rooms, nicolae_qazlal_style_of_elements,
          nicolae_sif_muna_condensation
D:5:      layout_basic, kennysheep_mini, gammafunk_ghost_necromancy

Skill      XL: |  1  2  3  4  5  6  7  8 |
---------------+-------------------------+-----
Axes           | 2 3 4 5 6 7 8 |  8.0
Fighting       | 2 3 |  3.0
Armour         | 2 |  2.4
Dodging        | |  1.0
Invocations    | |  2.9
Evocations     | |  4.3

Action                   |  1- 3 |  4- 6 |  7- 9 || total
-------------------------+-------+-------+-------++-------
Melee: Hand axe          |    45 |   131 |    59 ||   235
       Punch             |       |     1 |     2 ||     3
 Abil: Dig               |     3 |       |     1 ||     4
Evoke: Wand              |       |       |     3 ||     3
  Use: Potion            |       |     2 |       ||     2
Armor: Leather armour    |    12 |       |       ||    12
       Ring mail         |     4 |    28 |       ||    32
       Chain mail        |       |    43 |    31 ||    74
Dodge: Dodged            |    29 |    47 |    17 ||    93

Table legend: (Time is in decaauts)
 A = Elapsed time spent in this place.
 B = Non-inter-level travel time spent in this place.
 C = Inter-level travel time spent in this place.
 D = Time resting spent in this place.
 E = Time spent auto-exploring this place.
 F = Levels seen in this place.
 G = Mean time per level.
                   A        B        C        D        E       F      G
               +--------+--------+--------+--------+--------+-----+--------+
         Total |   4271 |   4195 |     76 |      0 |   3424 |   5 |  854.2 |
       Dungeon |   4271 |   4195 |     76 |      0 |   3424 |   5 |  854.2 |
               +--------+--------+--------+--------+--------+-----+--------+

Top non-repeatable levels by time:
     D:2: 1055 daAuts
     D:3: 1033 daAuts
     D:5: 957 daAuts
     D:4: 773 daAuts
     D:1: 452 daAuts
